HSSL
TACOMA HS TORCHMEN @ GRAND RAPIDS HS SUMMIT
04/29/2026
 
TOP OF THE 1ST
Tacoma HS Torchmen batting - Pitching for Grand Rapids HS Summit : RHP Preston Holman
Pitching: RHP Preston Holman
Batting: RHB Cristián Ortega 0-0: Called Strike
Single, Error in OF, E9, batter to second base
Batting: RHB Dexter Wooten 0-0: Ball
1-0: Ball
2-0: Foul Ball, location: 2F
2-1: Ball
3-1: Called Strike
3-2: Foul Ball, location: 2F
3-2: Foul Ball, location: 2F
3-2: Base on Balls
Batting: LHB Larry Estes 0-0: Called Strike
0-1: Ball
1-1: Ball
2-1: SINGLE (Flyball, 78M)
Cristián Ortega to third
Dexter Wooten to second
Batting: RHB Millard Ferguson 0-0: Ball
1-0: Foul Ball, location: 2F
1-1: Swinging Strike
1-2: Strikes out looking
Batting: RHB Harold Allen 0-0: Ball
1-0: Called Strike
1-1: Fly out, F5 (Popup, 5F)
Batting: RHB Edison Jones 0-0: Ball
1-0: Ball
2-0: DOUBLE (Line Drive, 78S)
Cristián Ortega scores
Dexter Wooten scores
Larry Estes to third
Runner from 3rd tries for Home, SAFE, no throw or cutoff
Batting: RHB Dave MacGruder 0-0: Foul Ball, location: 2F
0-1: Fly out, F7 (Flyball, 7D)
Top of the 1st over - 3 run(s), 3 hit(s), 1 error(s), 1 left on base; Tacoma HS 3 - Grand Rapids HS 0
BOTTOM OF THE 1ST
Grand Rapids HS Summit batting - Pitching for Tacoma HS Torchmen : RHP Miguel De La Parra
Pitching: RHP Miguel De La Parra
Batting: RHB Bob Barnes 0-0: Called Strike
0-1: Ball
1-1: Swinging Strike
1-2: Ball
2-2: Ball
3-2: Strikes out swinging
Batting: LHB Chris Henry 0-0: Ground out 4-3 (Groundball, 34)
Batting: RHB Jonathan Holden 0-0: Reaches on Catchers interference
Batting: LHB Carlos Gutiérrez 0-0: Ball
1-0: Called Strike
1-1: Ball
2-1: Ball
3-1: SINGLE (Line Drive, 89S)
Jonathan Holden to second
Runner from 2nd tries for 3rd, SAFE, throw made to third
Batting: LHB Harry Adams 0-0: Ball
1-0: Foul Ball, location: 2F
1-1: Ball
2-1: Foul Ball, location: 2F
2-2: Ball
3-2: Base on Balls
Carlos Gutiérrez to second
Batting: LHB Daniel Orozco 0-0: Called Strike
0-1: Foul Ball, location: 2F
0-2: Ball
1-2: Ball
2-2: Foul Ball, location: 2F
2-2: Ground out 4-3 (Groundball, 4)
Bottom of the 1st over - 0 run(s), 1 hit(s), 1 error(s), 3 left on base; Tacoma HS 3 - Grand Rapids HS 0
TOP OF THE 2ND
Tacoma HS Torchmen batting - Pitching for Grand Rapids HS Summit : RHP Preston Holman
Batting: RHB Ray Bray 0-0: Called Strike
0-1: Foul Ball, location: 2F
0-2: SOLO HOME RUN (Flyball, 78XD), Distance : 371 ft
Batting: RHB Scotty Sherman 0-0: Ball
1-0: Called Strike
1-1: Ball
2-1: Ball
3-1: Called Strike
3-2: Base on Balls
Batting: RHB Cristián Ortega 0-0: Ball
1-0: Fielders Choice at 2nd, 6-4 (Groundball, 56)
Batting: RHB Dexter Wooten 0-0: Ball
1-0: Called Strike
1-1: Ball
2-1: Called Strike
2-2: Foul Ball, location: 2F
2-2: Ball
3-2: Fly out, F9 (Line Drive, 9M)
3-2: Fly out, F9 (Line Drive, 9M)
Batting: LHB Larry Estes 0-0: Ball
Cristián Ortega steals 2nd base
1-0: Ball
2-0: Called Strike
2-1: Called Strike
2-2: Strikes out looking
Top of the 2nd over - 1 run(s), 1 hit(s), 0 error(s), 1 left on base; Tacoma HS 4 - Grand Rapids HS 0
BOTTOM OF THE 2ND
Grand Rapids HS Summit batting - Pitching for Tacoma HS Torchmen : RHP Miguel De La Parra
Batting: RHB Leroy Bates 0-0: Called Strike
0-1: Foul Ball, location: 2F
0-2: Fly out, F9 (Flyball, 89M)
Batting: RHB Júlio Ramos 0-0: Ball
1-0: Foul Ball, location: 2F
1-1: Ball
2-1: Foul Ball, location: 2F
2-2: Ball
3-2: Base on Balls
Batting: RHB Gabriel Bernal 0-0: Ball
1-0: Swinging Strike
1-1: SINGLE (Line Drive, 8RS)
Júlio Ramos to second
Batting: RHB Bob Barnes 0-0: Fly out, F3 (Popup, 34)
Batting: LHB Chris Henry 0-0: Ball
1-0: Ball
2-0: Ball
3-0: Called Strike
3-1: Foul Ball, location: 2F
3-2: Base on Balls
Júlio Ramos to third
Gabriel Bernal to second
Batting: RHB Jonathan Holden 0-0: Ball
1-0: Fly out, F3 (Line Drive, 3)
Bottom of the 2nd over - 0 run(s), 1 hit(s), 0 error(s), 3 left on base; Tacoma HS 4 - Grand Rapids HS 0
TOP OF THE 3RD
Tacoma HS Torchmen batting - Pitching for Grand Rapids HS Summit : RHP Preston Holman
Batting: RHB Millard Ferguson 0-0: Called Strike
0-1: Ball
1-1: Foul Ball, location: 2F
1-2: Strikes out swinging
Batting: RHB Harold Allen 0-0: Ball
1-0: SINGLE (Line Drive, 6M)
Batting: RHB Edison Jones 0-0: Foul Ball, location: 2F
0-1: Ball
1-1: Ball
2-1: Reached on error, E6 (Groundball, 6)
Harold Allen to second
Batting: RHB Dave MacGruder 0-0: Ball
1-0: Foul Ball, location: 2F
1-1: Swinging Strike
1-2: Strikes out swinging
Batting: RHB Ray Bray 0-0: Foul Ball, location: 2F
0-1: Foul Ball, location: 2F
0-2: Foul Ball, location: 2F
0-2: Ball
1-2: Foul Ball, location: 2F
1-2: Foul Ball, location: 2F
1-2: Ground out U3 (Groundball, 3S)
Top of the 3rd over - 0 run(s), 1 hit(s), 1 error(s), 2 left on base; Tacoma HS 4 - Grand Rapids HS 0
BOTTOM OF THE 3RD
Grand Rapids HS Summit batting - Pitching for Tacoma HS Torchmen : RHP Miguel De La Parra
Batting: LHB Carlos Gutiérrez 0-0: Ball
1-0: Foul Ball, location: 2F
1-1: Ball
2-1: Ball
3-1: Fly out, F7 (Line Drive, 78M)
Batting: LHB Harry Adams 0-0: Ball
1-0: Ball
2-0: Foul Ball, location: 2F
2-1: Ground out 4-3 (Groundball, 4)
Batting: LHB Daniel Orozco 0-0: SINGLE (Groundball, 56D)
Batting: RHB Leroy Bates 0-0: Fly out, F8 (Flyball, 8LS)
Bottom of the 3rd over - 0 run(s), 1 hit(s), 0 error(s), 1 left on base; Tacoma HS 4 - Grand Rapids HS 0
TOP OF THE 4TH
Tacoma HS Torchmen batting - Pitching for Grand Rapids HS Summit : RHP Preston Holman
Batting: RHB Scotty Sherman 0-0: Foul Ball, location: 2F
0-1: SINGLE (Line Drive, 56)
Batting: RHB Cristián Ortega 0-0: Called Strike
Scotty Sherman steals 2nd base
0-1: Ball
1-1: Foul Ball, location: 2F
1-2: Ground out 6-3 (Groundball, 6)
Batting: RHB Dexter Wooten 0-0: Ball
1-0: Fly out, F8 (Flyball, 8LM)
Batting: LHB Larry Estes 0-0: Ball
1-0: Ball
2-0: Fly out, F5 (Popup, 56S)
Top of the 4th over - 0 run(s), 1 hit(s), 0 error(s), 1 left on base; Tacoma HS 4 - Grand Rapids HS 0
BOTTOM OF THE 4TH
Grand Rapids HS Summit batting - Pitching for Tacoma HS Torchmen : RHP Miguel De La Parra
Batting: RHB Júlio Ramos 0-0: Called Strike
0-1: Foul Ball, location: 2F
0-2: SINGLE (Groundball, 56)
Batting: RHB Gabriel Bernal 0-0: Ball
1-0: Called Strike
1-1: Ball
2-1: Called Strike
2-2: 2-RUN HOME RUN (Flyball, 8LXD), Distance : 435 ft
Batting: RHB Bob Barnes 0-0: Ball
1-0: Called Strike
1-1: Ball
2-1: Ball
3-1: Ground out 5-3 (Groundball, 5)
Batting: LHB Chris Henry 0-0: Called Strike
0-1: Ball
1-1: Ground out 3-1 (Groundball, 34S)
Batting: RHB Jonathan Holden 0-0: SINGLE (Flyball, 78M)
Batting: LHB Carlos Gutiérrez 0-0: Ball
1-0: Foul Ball, location: 2F
1-1: Foul Ball, location: 2F
1-2: Strikes out swinging
Bottom of the 4th over - 2 run(s), 3 hit(s), 0 error(s), 1 left on base; Tacoma HS 4 - Grand Rapids HS 2
TOP OF THE 5TH
Tacoma HS Torchmen batting - Pitching for Grand Rapids HS Summit : RHP Preston Holman
Pitching: LHP José Padilla
Batting: RHB Millard Ferguson 0-0: Ball
1-0: Ball
2-0: Ball
3-0: Base on Balls
Batting: RHB Harold Allen 0-0: SINGLE (Flyball, 4D)
Millard Ferguson to second
Throwing error, E9
Millard Ferguson scores
Harold Allen to second
Batting: RHB Edison Jones 0-0: Ball
1-0: Swinging Strike
1-1: Ball
2-1: Swinging Strike
2-2: Strikes out swinging
Batting: RHB Dave MacGruder 0-0: Ball
1-0: Ball
2-0: Ball
3-0: Called Strike
3-1: Called Strike
3-2: Ground out 6-3 (Groundball, 6)
Batting: RHB Ray Bray 0-0: Called Strike
0-1: Called Strike
0-2: Ball
1-2: Ball
2-2: Ball
3-2: Strikes out swinging
Top of the 5th over - 1 run(s), 1 hit(s), 1 error(s), 1 left on base; Tacoma HS 5 - Grand Rapids HS 2
BOTTOM OF THE 5TH
Grand Rapids HS Summit batting - Pitching for Tacoma HS Torchmen : RHP Miguel De La Parra
Batting: LHB Harry Adams 0-0: Ball
1-0: Ball
2-0: Called Strike
2-1: Ball
3-1: Base on Balls
Pitching: LHP Scott Arden
Batting: LHB Daniel Orozco 0-0: Swinging Strike
0-1: Ball
1-1: Foul Ball, location: 2F
1-2: Fly out, F7 (Flyball, 78M)
Batting: RHB Leroy Bates 0-0: Ball
1-0: Foul Ball, location: 2F
1-1: Ball
2-1: Ball
Wild Pitch!
Harry Adams to second
3-1: Base on Balls
Batting: RHB Júlio Ramos 0-0: Called Strike
0-1: Fly out, F8 (Line Drive, 8RM)
Batting: RHB Gabriel Bernal 0-0: Called Strike
0-1: Called Strike
0-2: Strikes out swinging
Bottom of the 5th over - 0 run(s), 0 hit(s), 0 error(s), 2 left on base; Tacoma HS 5 - Grand Rapids HS 2
TOP OF THE 6TH
Tacoma HS Torchmen batting - Pitching for Grand Rapids HS Summit : LHP José Padilla
Batting: RHB Scotty Sherman 0-0: Ball
1-0: Ball
2-0: Swinging Strike
2-1: Swinging Strike
2-2: Foul Ball, location: 2F
2-2: Strikes out swinging
Batting: RHB Cristián Ortega 0-0: Foul Ball, location: 2F
0-1: TRIPLE (Line Drive, 8RM)
Batting: RHB Dexter Wooten 0-0: Ball
1-0: Ball
2-0: Called Strike
2-1: Ball
3-1: Base on Balls
Batting: LHB Larry Estes 0-0: Called Strike
0-1: Fly out, F8 (Line Drive, 8LS)
Batting: RHB Millard Ferguson 0-0: Ball
1-0: Called Strike
1-1: 3-RUN HOME RUN (Flyball, 78XD), Distance : 382 ft
Batting: RHB Harold Allen 0-0: Swinging Strike
0-1: Swinging Strike
0-2: Foul Ball, location: 2F
0-2: Strikes out swinging
Top of the 6th over - 3 run(s), 2 hit(s), 0 error(s), 0 left on base; Tacoma HS 8 - Grand Rapids HS 2
BOTTOM OF THE 6TH
Grand Rapids HS Summit batting - Pitching for Tacoma HS Torchmen : LHP Scott Arden
Batting: RHB Bob Barnes 0-0: Swinging Strike
0-1: Foul Ball, location: 2F
0-2: Ball
1-2: Ball
2-2: SINGLE (Line Drive, 6MD)
Batting: LHB Chris Henry 0-0: Ball
1-0: Foul Ball, location: 2F
1-1: Ball
2-1: Called Strike
2-2: Foul Ball, location: 2F
2-2: SINGLE (Groundball, 4MD)
Bob Barnes to second
Runner from 2nd tries for 3rd, OUT!
Chris Henry to second
Batting: RHB Jonathan Holden 0-0: Ball
1-0: Ball
2-0: Ball
3-0: Called Strike
3-1: Base on Balls
Batting: LHB Carlos Gutiérrez 0-0: Ball
1-0: Foul Ball, location: 2F
1-1: Ground out 4-3 (Groundball, 4M)
Chris Henry to third
Jonathan Holden to second
Batting: LHB Harry Adams 0-0: Called Strike
0-1: Called Strike
0-2: 3-RUN HOME RUN (Flyball, 8LXD), Distance : 434 ft
Batting: LHB Daniel Orozco 0-0: Called Strike
0-1: Swinging Strike
0-2: Strikes out swinging
Bottom of the 6th over - 3 run(s), 3 hit(s), 0 error(s), 0 left on base; Tacoma HS 8 - Grand Rapids HS 5
TOP OF THE 7TH
Tacoma HS Torchmen batting - Pitching for Grand Rapids HS Summit : LHP José Padilla
Pitching: RHP Pierre-Olivier Morin
Batting: RHB Edison Jones 0-0: Foul Ball, location: 2F
0-1: Ball
1-1: Ball
2-1: Ball
3-1: Swinging Strike
3-2: Strikes out swinging
Batting: RHB Dave MacGruder 0-0: SINGLE (Groundball, 56D)
Batting: RHB Ray Bray 0-0: Called Strike
0-1: Fly out, F8 (Flyball, 8LM)
Batting: RHB Scotty Sherman 0-0: Called Strike
0-1: Foul Ball, location: 2F
0-2: Ball
1-2: Fly out, F8 (Flyball, 8LM)
Top of the 7th over - 0 run(s), 1 hit(s), 0 error(s), 1 left on base; Tacoma HS 8 - Grand Rapids HS 5
BOTTOM OF THE 7TH
Grand Rapids HS Summit batting - Pitching for Tacoma HS Torchmen : LHP Scott Arden
Pitching: RHP Eric Wallace
Batting: RHB Leroy Bates 0-0: Ball
1-0: DOUBLE (Flyball, 89S)
Batting: RHB Júlio Ramos 0-0: Called Strike
0-1: Called Strike
0-2: Foul Ball, location: 2F
0-2: Strikes out swinging
Batting: RHB Gabriel Bernal 0-0: Ball
1-0: Called Strike
1-1: Foul Ball, location: 2F
1-2: Ball
2-2: Strikes out looking
Batting: RHB Bob Barnes 0-0: Ball
1-0: Foul Ball, location: 2F
1-1: Ball
2-1: Ball
3-1: Base on Balls
Batting: LHB Chris Henry 0-0: Swinging Strike
0-1: Foul Ball, location: 2F
0-2: Ball
1-2: Ball
2-2: Ground out U3 (Groundball, 3)
Bottom of the 7th over - 0 run(s), 1 hit(s), 0 error(s), 2 left on base; Tacoma HS 8 - Grand Rapids HS 5
TOP OF THE 8TH
Tacoma HS Torchmen batting - Pitching for Grand Rapids HS Summit : RHP Pierre-Olivier Morin
Batting: RHB Cristián Ortega 0-0: Ball
1-0: Foul Ball, location: 2F
1-1: Ball
2-1: Foul Ball, location: 2F
2-2: Foul Ball, location: 2F
2-2: Foul Ball, location: 2F
2-2: Strikes out looking
Batting: RHB Dexter Wooten 0-0: Swinging Strike
0-1: Ball
1-1: Ball
2-1: Called Strike
2-2: Foul Ball, location: 2F
2-2: Foul Ball, location: 2F
2-2: Ground out 6-3 (Groundball, 6)
Pitching: LHP Tom Simms
Batting: LHB Larry Estes 0-0: Foul Ball, location: 2F
0-1: Swinging Strike
0-2: Foul Ball, location: 2F
0-2: Ball
1-2: Strikes out swinging
Top of the 8th over - 0 run(s), 0 hit(s), 0 error(s), 0 left on base; Tacoma HS 8 - Grand Rapids HS 5
BOTTOM OF THE 8TH
Grand Rapids HS Summit batting - Pitching for Tacoma HS Torchmen : LHP Bradley Hansen
Pitching: LHP Bradley Hansen
Batting: RHB Jonathan Holden 0-0: Called Strike
0-1: Fly out, F8 (Flyball, 8LM)
Batting: LHB Carlos Gutiérrez 0-0: Ball
1-0: Ball
2-0: Ball
3-0: Called Strike
3-1: Swinging Strike
3-2: Base on Balls
Pitching: RHP Pat Ferson
Batting: LHB Harry Adams 0-0: Ball
1-0: Fly out, F7 (Flyball, 7M)
Batting: LHB Daniel Orozco 0-0: Fly out, F8 (Line Drive, 8LM)
Bottom of the 8th over - 0 run(s), 0 hit(s), 0 error(s), 1 left on base; Tacoma HS 8 - Grand Rapids HS 5
TOP OF THE 9TH
Tacoma HS Torchmen batting - Pitching for Grand Rapids HS Summit : LHP Tom Simms
Batting: RHB Millard Ferguson 0-0: Called Strike
0-1: Ball
1-1: SOLO HOME RUN (Line Drive, 7D), Distance : 363 ft
Batting: RHB Harold Allen 0-0: Foul Ball, location: 2F
0-1: Foul Ball, location: 2F
0-2: Ball
1-2: Foul Ball, location: 2F
1-2: Ball
2-2: Ball
3-2: Base on Balls
Batting: RHB Edison Jones 0-0: Sac Bunt - play at first, batter OUT! 1-3
Harold Allen to second
Batting: RHB Dave MacGruder 0-0: Ball
1-0: Foul Ball, location: 2F
1-1: Ball
2-1: Foul Ball, location: 2F
2-2: Foul Ball, location: 2F
2-2: Foul Ball, location: 2F
2-2: Strikes out swinging
Pitching: RHP Jon Soto
Batting: RHB Ray Bray 0-0: Foul Ball, location: 2F
0-1: Swinging Strike
0-2: Strikes out swinging
Top of the 9th over - 1 run(s), 1 hit(s), 0 error(s), 1 left on base; Tacoma HS 9 - Grand Rapids HS 5
BOTTOM OF THE 9TH
Grand Rapids HS Summit batting - Pitching for Tacoma HS Torchmen : RHP Pat Ferson
Batting: RHB Leroy Bates 0-0: Ball
1-0: Called Strike
1-1: Ball
2-1: Fly out, F7 (Flyball, 78M)
Batting: RHB Júlio Ramos 0-0: Ball
1-0: Swinging Strike
1-1: Ball
2-1: Fly out, F9 (Flyball, 89M)
Batting: RHB Gabriel Bernal 0-0: Foul Ball, location: 2F
0-1: Ball
1-1: Ball
2-1: Ball
3-1: Base on Balls
Batting: RHB Bob Barnes 0-0: Foul Ball, location: 2F
0-1: Foul Ball, location: 2F
0-2: Ball
1-2: SINGLE (Flyball, 89S)
Gabriel Bernal to second
Runner from 2nd tries for 3rd, OUT!
Bottom of the 9th over - 0 run(s), 1 hit(s), 0 error(s), 1 left on base; Tacoma HS 9 - Grand Rapids HS 5
Monday, December 5th, 2016 - OOTP Baseball 17.12 Build 75